 Dungeon Crawl Stone Soup version 0.24.0-123-gd5b16e6ec5 (webtiles) character file.

Game seed: 7308465402974709046, levelgen mode: deterministic

1339 Elellon the Cleaver (level 8, -4/64 HPs)
             Began as a Hill Orc Fighter on Jan 20, 2020.
             Slain by an orc priest
             ... wielding a +0 flail
              (5 damage)
             ... on level 6 of the Dungeon.
             The game lasted 00:09:09 (5007 turns).

Elellon the Cleaver (Hill Orc Fighter)              Turns: 5007, Time: 00:09:10

Health: -4/64      AC: 10    Str: 21    XL:     8   Next: 61%
Magic:  8/8        EV:  5    Int:  8    God:
Gold:   210        SH: 10    Dex: 10    Spells: 7/7 levels left

rFire    . . .     SeeInvis +   a - +1 war axe
rCold    . . .     Gourm    .   c - +1 shield
rNeg     . . .     Faith    .   g - +0 chain mail
rPois    .         Spirit   .   (no helmet)
rElec    .         Reflect  .   m - +0 cloak
rCorr    .         Harm     .   (no gloves)
MR       .....                  (no boots)
Stlth    ..........             (no amulet)
HPRegen  0.20/turn              i - ring of see invisible
MPRegen  0.11/turn              (no ring)

@: no status effects
A: no striking features
a: Convert to Beogh


You were on level 6 of the Dungeon.
You were hungry.

You visited 1 branch of the dungeon, and saw 6 of its levels.

You collected 210 gold pieces.

Inventory:

Hand Weapons
 a - a +1 war axe (weapon)
 b - a +2 flail of crushing
Missiles
 n - 206 stones (quivered)
Armour
 c - a +1 shield (worn)
 g - a +0 chain mail (worn)
 m - a +0 cloak (worn)
Jewellery
 i - a ring of see invisible (left hand)
 p - an uncursed amulet of rage {unknown}
Wands
 o - a wand of acid (12)
 q - a wand of flame (39)
Scrolls
 h - a scroll of amnesia
 k - a scroll of remove curse
 l - a scroll of fog
 u - 3 scrolls of enchant weapon
 v - 2 scrolls of magic mapping
Potions
 d - a potion of might
 e - 2 potions of haste {unknown}
 j - a potion of cancellation {unknown}
 s - a potion of invisibility {unknown}
 t - a potion of heal wounds {unknown}
Comestibles
 f - 12 rations
 r - 10 chunks of flesh


   Skills:
 - Level 3.6 Fighting
 + Level 13.1 Axes
 - Level 3.2 Armour
 - Level 3.2 Shields


You had 7 spell levels left.
You didn't know any spells.
Your spell library was empty.

Dungeon Overview and Level Annotations

Branches:
Dungeon (6/15)
 Temple: D:4-7

Altars:
Dithmenos
Elyvilon
Fedhas
Ru
Trog
Uskayaw
Wu Jian
Xom
Zin

Shops:
D:6 [(

Annotations:
D:4 3 runed translucent doors, SunGod's ghost, novice HOFi


Message History

The orc wizard is lightly wounded.
Your shield and chain mail prevent you from hitting the orc.
You block the orc wizard's attack. You block the orc's attack.
You are feeling hungry.
You closely miss the orc. You hit the orc wizard.
The orc wizard closely misses you. You block the orc's attack.
You block the orc wizard's attack.
The orc wizard points at you and mumbles some strange words.
The puff of frost hits you!
* * * LOW HITPOINT WARNING * * *
You block the orc's attack. The orc hits you but does no damage.
There is an open door here.
Things that are here:
a +0 flail; a cursed +0 leather armour; an orc corpse Your shield and chain mail prevent you from hitting the orc.
The orc is heavily wounded.
You closely miss the orc priest. You slash the orc wizard! You hit the orc.
The orc wizard barely misses you.
The orc priest hits you with a +0 flail.
You die...

.#.#..#..#### #####.....#
....)..∩.# #......#
...##....# #.#.####
....#.##.### ##.#.#
##.........## ###..#.#
#.....#....## #...##.###
#...#.#......##..#.....#
##........##..o#'#.....#
###.#...........@o'.....#
...............o#o#.....#
....#.............#§§§..#
.......#..........#§o§§.#
..#..........###.###§########
....#......####...##o#o......
.####..###......#.§o§#.......
.......# ##........§§o)......
>....... ...#####?.###[.o....


You could see an orc priest, an orc wizard (invisible) and 2 orcs.

Vanquished Creatures
  Eustachio (D:4)
  Duvessa (D:4)
  An ogre (D:6)
  2 centaurs (D:5)
  A bullfrog (D:6)
  Dowan (D:4)
  A scorpion (D:5)
  A howler monkey (D:6)
  A centaur zombie (D:5)
  2 bullfrog zombies
  A jelly (D:6)
  A hound (D:3)
  3 orc priests
  Terence (D:3)
  4 orc wizards
  A worker ant (D:5)
  3 gnolls (D:5)
  9 adders
  A shadow imp (D:5)
  2 oozes
  An adder skeleton (D:4)
  2 worms (D:3)
  3 dart slugs
  A leopard gecko (D:4)
  28 orcs
  2 ball pythons
  6 bats
  A giant cockroach (D:1)
  4 hobgoblins
  13 jackals
  4 kobolds
  2 quokkas
  4 frilled lizards
  6 goblins
  8 rats
123 creatures vanquished.

Notes
Turn   | Place    | Note
-------+----------+-------------------------------------------
     0 | D:1      | Elellon the Hill Orc Fighter began the quest for the Orb.
     0 | D:1      | Reached XP level 1. HP: 19/19 MP: 1/1
    51 | D:1      | Reached skill level 3 in Axes
   216 | D:1      | Reached XP level 2. HP: 25/26 MP: 2/2
   339 | D:1      | Reached skill level 4 in Axes
   770 | D:2      | Reached XP level 3. HP: 31/31 MP: 3/3
   778 | D:2      | Reached skill level 5 in Axes
   981 | D:2      | Reached XP level 4. HP: 35/39 MP: 4/4
  1144 | D:2      | Reached skill level 6 in Axes
  1434 | D:2      | Found a bloodstained altar of Trog.
  1511 | D:2      | Found a glowing silver altar of Zin.
  1556 | D:2      | Found a white marble altar of Elyvilon.
  1594 | D:3      | Noticed Terence
  1601 | D:3      | Killed Terence
  1601 | D:3      | Reached XP level 5. HP: 38/45 MP: 5/5
  1609 | D:3      | Reached skill level 7 in Axes
  1787 | D:3      | Found a hide-covered altar of Uskayaw.
  2216 | D:3      | Reached skill level 8 in Axes
  2224 | D:3      | Reached XP level 6. HP: 41/51 MP: 6/6
  2234 | D:3      | Found a sacrificial altar of Ru.
  2482 | D:4      | HP: 1/51 [orc priest/nerve-wracking pain (11)]
  2859 | D:4      | Found a shimmering altar of Xom.
  2875 | D:4      | Reached skill level 9 in Axes
  3048 | D:4      | Noticed Duvessa
  3049 | D:4      | Noticed Dowan
  3065 | D:4      | Killed Duvessa
  3065 | D:4      | Reached XP level 7. HP: 30/57 MP: 7/7
  3065 | D:4      | Killed Dowan
  3240 | D:4      | Noticed Eustachio
  3261 | D:4      | Killed Eustachio
  3261 | D:4      | Reached skill level 10 in Axes
  3292 | D:4      | Found a runed translucent gate.
  3292 | D:4      | Found a runed translucent gate.
  3292 | D:4      | Found a runed translucent gate.
  3293 | D:4      | Noticed SunGod's ghost (novice HOFi)
  3766 | D:5      | Entered Level 5 of the Dungeon
  3900 | D:5      | Reached skill level 11 in Axes
  3927 | D:5      | Found a blossoming altar of Fedhas.
  3985 | D:5      | Reached XP level 8. HP: 53/64 MP: 8/8
  3996 | D:5      | Found a sacrificial altar of Ru.
  4254 | D:5      | Reached skill level 12 in Axes
  4820 | D:6      | Found Veeno's Weapon Boutique.
  4821 | D:6      | Found Wiat's Antique Armour Emporium.
  4908 | D:6      | Found a shadowy altar of Dithmenos.
  4938 | D:6      | Reached skill level 13 in Axes
  4953 | D:6      | Found an ornate altar of the Wu Jian Council.
  5006 | D:6      | HP: 1/64 [orc wizard/puff of frost (9)]
  5007 | D:6      | Slain by an orc priest

Levels and vault maps discovered:
D:1:      matt_arrival_spirals, layout_loops_corners
D:2:      kennysheep_six_static_rooms, layout_basic, lightli_temple_of_fire,
          lemuel_doored_altar, overflow_temple_1_default
D:3:      layout_rooms, marbit_many_paths, eat_drink_and_be_merry_uskayaw,
          first_ration, uniq_terence
D:4:      layout_basic, xom_teletrap_fun, ebering_ghost_rock_garden,
          uniq_eustachio, uniq_duvessa
D:5:      layout_basic, fedhas_altar_fruit_tree, nicolae_ru_awakened_eye
D:6:      layout_rooms, nicolae_dithmenos_through_a_glass_darkly,
          kennysheep_mini, lemuel_crystal_altar, serial_shops,
          nicolae_shop_temple_entry_statues_fountains, shop, shop, shop

Skill      XL: |  1  2  3  4  5  6  7  8 |
---------------+-------------------------+-----
Axes           | 3 4 5 6 8 9 11 13 | 13.1
Fighting       | |  3.6
Armour         | |  3.2
Shields        | |  3.2

Action                   |  1- 3 |  4- 6 |  7- 9 || total
-------------------------+-------+-------+-------++-------
Melee: War axe           |    55 |   197 |   152 ||   404
  Use: Scroll            |       |    10 |     2 ||    12
  Eat: Chunk             |       |     7 |     6 ||    13
Armor: Scale mail        |    33 |    27 |       ||    60
       Chain mail        |       |    83 |    69 ||   152
Dodge: Dodged            |    30 |    48 |    40 ||   118
Block: Shield            |    38 |    99 |    98 ||   235
